 Dungeon Crawl Stone Soup version 0.27-a0-1006-g1fd4cec11e (webtiles) character file.

Game seed: 14299827133778424024

4 vurker the Firebug (level 1, 0/14 HPs)
             Began as a Demigod Fire Elementalist on Apr 17, 2021.
             Slain by a bat (1 damage)
             ... on level 1 of the Dungeon.
             The game lasted 00:01:01 (139 turns).

vurker the Firebug (Demigod Fire Elementalist)       Turns: 139, Time: 00:01:02

Health: 0/14       AC:  2    Str:  9    XL:     1   Next: 46%
Magic:  1/5        EV: 12    Int: 17    God:
Gold:   16         SH:  0    Dex: 14    Spells: 2/3 levels left

rFire    . . .     SeeInvis .   b - +1 short sword (drain)
rCold    . . .     Faith    .   (no shield)
rNeg     . . .     Spirit   .   a - +0 robe
rPois    .         Reflect  .   (no helmet)
rElec    .         Harm     .   (no cloak)
rCorr    .         Rampage  .   (no gloves)
Will     .....                  (no boots)
Stlth    ++........             (no amulet)
HPRegen  0.04/turn              (no ring)
MPRegen  0.09/turn              (no ring)

@: no status effects
A: high mp 1, forlorn
a: no special abilities


You were on level 1 of the Dungeon.
You visited 1 branch of the dungeon, and saw 1 of its levels.

You collected 16 gold pieces.

Inventory:

Hand Weapons
 b - a +1 short sword of draining (weapon)
   (You found it on level 1 of the Dungeon)
Armour
 a - a +0 robe (worn)


   Skills:
 + Level 0.1 Fighting
 - Level 1.7 Dodging
 - Level 1.7 Stealth
 * Level 1.9 Spellcasting
 + Level 1.0 Conjurations
 * Level 2.8 Fire Magic


You had 2 spell levels left.
You knew the following spells:

 Your Spells              Type           Power      Damage    Failure   Level
a - Foxfire               Conj/Fire      32%        2x1d5     9%          1

Your spell library contained the following spells:

 Spells                   Type           Power      Damage    Failure   Level
 Conjure Flame            Conj/Fire      8%         6-21      26%         3
 Inner Flame              Hex/Fire       6%         N/A       32%         3
 Sticky Flame             Conj/Fire      8%         2d3       65%         4
 Fireball                 Conj/Fire      4%         3d4       94%         5


Dungeon Overview and Level Annotations

Branches:
Dungeon (1/15)


Innate Abilities, Weirdness & Mutations

Your attributes grow dramatically as you level up.
You have an increased reservoir of magic. (+10% MP)
You shall have no god before yourself.


Message History

The bat hits you but does no damage.
A bat comes into view.
The bat completely misses you.
A ball python comes into view.
Found a glowing short sword.
Found an escape hatch in the floor.
You conjure some foxfire!
The ball python hisses angrily.
The foxfire hits the bat.
The bat hits you but does no damage.
A quokka comes into view.
The foxfire hits the bat.
The bat hits you but does no damage. x2
The hobgoblin barely misses you.
Found 18 gold pieces.
You closely miss the bat. The bat barely misses you.
The hobgoblin barely misses you.
The bat misses you. x2; The hobgoblin misses you.
The hobgoblin hits you but does no damage.
The bat misses you. The ball python bites you.
* * * LOW HITPOINT WARNING * * *
The ball python misses you.
There is an escape hatch in the floor here.
The bat hits you but does no damage.
The bat closely misses you. x2; The ball python bites you.
* * * LOW HITPOINT WARNING * * *
The ball python grabs you.
* * * LOW HITPOINT WARNING * * *
The ball python constricts you.
You see here a +1 short sword of draining.
b - a +1 short sword of draining The bat barely misses you.
The bat hits you but does no damage. The ball python bites you.
* * * LOW HITPOINT WARNING * * *
The ball python constricts you. The quokka closely misses you.
You sense an unholy aura.
b - a +1 short sword of draining (weapon)
The bat closely misses you. The ball python barely misses you.
The ball python constricts you.
You escape the ball python's grasp.
The bat hits you but does no damage. The hobgoblin barely misses you.
The quokka bites you.
* * * LOW HITPOINT WARNING * * *
The bat hits you but does no damage. x2
The bat hits you but does no damage. The bat hits you.
* * * LOW HITPOINT WARNING * * *
The bat misses you.
You aren't carrying any potions.
The bat misses you. The bat misses you. The quokka barely misses you.
Found a stone staircase leading down.
The bat hits you.
You die...

####### .....>. ..
##########....... ...
#$...............
...#####................
........................
.............gbb........
..............r.@.......
........>....Sg.........
........################
........############
...................#
.#################.###########
#.#....<....# #.#.........#
#.#.........#


You could see a quokka, 2 hobgoblins, 2 bats and a ball python.

Vanquished Creatures
  A ball python (D:1)
  A hobgoblin (D:1)
  A frilled lizard (D:1)
  2 kobolds (D:1)
5 creatures vanquished.

Vanquished Creatures (others)
  15 foxfires (D:1)
15 creatures vanquished.

Grand Total: 20 creatures vanquished

Notes
Turn   | Place    | Note
-------+----------+-------------------------------------------
     0 | D:1      | vurker the Demigod Fire Elementalist began the quest for
                  | the Orb.
     0 | D:1      | Reached XP level 1. HP: 14/14 MP: 5/5
    93 | D:1      | Reached skill level 1 in Conjurations
   139 | D:1      | Slain by a bat

Illustrated notes

Levels and vault maps discovered:
D:1:      shiori_arrival_oz, layout_basic, minmay_liquid_box,
          grunt_decor_resistance

Skill      XL: |  1 |
---------------+----+-----
Conjurations   | 1 |  1.0
Fighting       | |  0.1
Dodging        | |  1.7
Stealth        | |  1.7
Spellcasting   | |  1.9
Fire Magic     | |  2.8

Action                   || total
-------------------------++-------
Melee: Unarmed           ||     4
 Cast: Foxfire           ||    10
Armor: Robe              ||    13
Dodge: Dodged            ||    29

Table legend: (Time is in decaauts)
 A = Elapsed time spent in this place.
 B = Non-inter-level travel time spent in this place.
 C = Inter-level travel time spent in this place.
 D = Time resting spent in this place.
 E = Time spent auto-exploring this place.
 F = Levels seen in this place.
 G = Mean time per level.
                   A        B        C        D        E       F      G
               +--------+--------+--------+--------+--------+-----+--------+
         Total |    138 |    138 |      0 |      0 |     65 |   1 |  138.0 |
       Dungeon |    138 |    138 |      0 |      0 |     65 |   1 |  138.0 |
               +--------+--------+--------+--------+--------+-----+--------+

Top non-repeatable levels by time:
     D:1: 138 daAuts
